AoeStats
← 涂山红红

Arabia

510270937Analyzed
2v2 RM · 11h ago on Sep 30, 2026· 35m 10s· 4 players
Game mode
Random Map
Map size
Medium (4 player)
Population
200
Speed
Normal
Resources
Standard
Victory
Conquest
Starting age
Dark Age
Ending age
Imperial Age
RankedLock teamsTeams togetherTeam positionsShared explorationLock speedFull tech treeHidden civsTurbo modeCheats
Victory
Defeat
🇹🇼 Magyars · Taiwan
941
+16
🇹🇼 Spanish · Taiwan
928
+17
🇨🇳 Georgians · China
949
-17
🇨🇳 Gurjaras · China
935
-16
shulin60111
8:18 Loom
10:23 Feudal Age
16:43 Castle Age
15:21 Double-Bit Axe
28:57 Bow Saw
30:06 Wheelbarrow
31:19 Horse Collar
fugo53419
5:26 Loom
10:13 Feudal Age
11:27 Double-Bit Axe
13:17 Horse Collar
20:32 Castle Age
18:26 Gold Mining
22:58 Husbandry
24:01 Bloodlines
24:36 Scale Barding Armor
28:29 Fletching
29:45 Padded Archer Armor
30:01 Heavy Plow
32:48 Bodkin Arrow
36:04 Ballistics
涂山红红
0:37 Loom
11:44 Feudal Age
15:58 Double-Bit Axe
18:31 Bloodlines
18:34 Forging
19:23 Scale Barding Armor
30:37 Castle Age
31:53 Pikeman
有缘再见
7:22 Loom
10:17 Feudal Age
14:09 Wheelbarrow
14:57 Bloodlines
18:57 Double-Bit Axe
20:50 Gold Mining
23:14 Castle Age
21:59 Horse Collar
24:14 Bow Saw
27:35 Gold Shaft Mining
30:13 Husbandry
34:10 Scale Barding Armor
Connection lost

Rejoining the realm…

Still unreachable

The connection could not be restored.

Session expired

The server has moved on; the page needs a fresh start.